 Dungeon Crawl Stone Soup version 0.23.0 (webtiles) character file.

Game seed: 18393827225318495449

58 fartymcfart the Firebug (level 3, 24/24 HPs)
             Began as a Demonspawn Fire Elementalist on Feb 15, 2019.
             Quit the game on level 2 of the Dungeon.
             The game lasted 00:01:33 (928 turns).

fartymcfart the Firebug (DsFE)                       Turns: 928, Time: 00:01:33

Health: 24/24      AC:  3    Str:  8    XL:     3   Next: 76%
Magic:  6/6        EV: 12    Int: 17    God:
Gold:   60         SH:  0    Dex: 13    Spells: 5/6 levels left

rFire    . . .     SeeInvis .   (no weapon)
rCold    . . .     Gourm    .   (no shield)
rNeg     . . .     Faith    .   a - +0 robe
rPois    .         Spirit   .   e - +0 helmet
rElec    .         Reflect  .   (no cloak)
rCorr    .         Harm     .   (no gloves)
MR       .....                  (no boots)
Stlth    +++.......             (no amulet)
HPRegen  0.08/turn              (no ring)
MPRegen  0.10/turn              (no ring)

@: no status effects
A: nightstalker 1, spiny 1
a: no special abilities


You were on level 2 of the Dungeon.
You were hungry.

You visited 1 branch of the dungeon, and saw 2 of its levels.

You collected 60 gold pieces.

Inventory:

Armour
 a - a +0 robe (worn)
 e - a +0 helmet (worn)
Jewellery
 b - an uncursed amulet of the acrobat {unknown}
Scrolls
 f - a scroll of amnesia {unknown}
 g - 2 scrolls of identify {unknown}
 h - a scroll of teleportation {unknown}
Potions
 d - a potion of curing {unknown}
 i - a potion of heal wounds {unknown}
 j - a potion of cancellation {unknown}
Comestibles
 c - a ration


   Skills:
 - Level 1.7 Dodging
 - Level 1.7 Stealth
 + Level 2.4 Spellcasting
 * Level 2.4 Conjurations
 * Level 3.4 Fire Magic


You had 5 spell levels left.
You knew the following spells:

 Your Spells              Type           Power        Failure   Level  Hunger
a - Flame Tongue          Conj/Fire      ##...        5%          1    #......

Your spell library contained the following spells:

 Spells                   Type           Power        Failure   Level  Hunger
 Throw Flame              Conj/Fire      ##....       9%          2    ##.....
 Conjure Flame            Conj/Fire      ##......     17%         3    ###....
 Inner Flame              Hex/Fire       #.......     28%         3    ###....
 Sticky Flame             Conj/Fire      ##......     50%         4    #####..
 Fireball                 Conj/Fire      ##........   83%         5    ######.


Dungeon Overview and Level Annotations

Branches:
Dungeon (2/15)

Altars:


Innate Abilities, Weirdness & Mutations

You are slightly more attuned to the shadows.
You are partially covered in sharp spines.


Message History

The bullfrog zombie is struck by your spines.
You destroy the bullfrog zombie!
Your Conjurations skill increases to level 2!
You have reached level 3!
Your experience leads to an increase in your attributes!
Increase (S)trength, (I)ntelligence, or (D)exterity?
You feel clever.
Your demonic ancestry asserts itself...
You slip into the darkness of the dungeon.
You start resting.
Magic restored.
You start resting.
You are feeling hungry.
You start resting.
HP restored.
g - 2 scrolls labeled MIPION RUGOHEI (gained 1)
A kobold comes into view. It is wielding a +0 short sword.
The kobold shouts!
A kobold is nearby!
A kobold is nearby!
Are you sure you want to abandon this character and quit the game? (Confirm with "yes".)

.# (# #.##
###########...##
.......#....#..#
.K........<....#
.......#...###.#
.......#....#..
.....$@......#
.......#..#.##
...............
#########......
###.### .# #


You could see a kobold.

Vanquished Creatures
  A bullfrog zombie (D:2)
  2 giant cockroaches (D:1)
  5 hobgoblins (D:1)
  2 jackals (D:1)
  A kobold (D:1)
  2 bats
  2 frilled lizards (D:1)
  5 goblins (D:1)
  3 rats (D:1)
23 creatures vanquished.

Notes
Turn   | Place    | Note
-------+----------+-------------------------------------------
     0 | D:1      | fartymcfart the Demonspawn Fire Elementalist began the
                  | quest for the Orb.
     0 | D:1      | Reached XP level 1. HP: 13/13 MP: 3/3
   333 | D:1      | Gained mutation: You are partially covered in sharp spines.
                  | [demonic ancestry]
   333 | D:1      | Reached XP level 2. HP: 19/19 MP: 0/5
   391 | D:1      | Reached skill level 3 in Fire Magic
   836 | D:2      | Gained mutation: You are slightly more attuned to the
                  | shadows. [demonic ancestry]
   836 | D:2      | Reached XP level 3. HP: 17/24 MP: 0/6
   928 | D:2      | Quit the game

Skill      XL: |  1  2 |
---------------+-------+-----
Fire Magic     | 3 |  3.4
Conjurations   | 2 |  2.4
Dodging        | |  1.7
Stealth        | |  1.7
Spellcasting   | |  2.4

Action                   || total
-------------------------++-------
Melee: Unarmed           ||    19
 Cast: Flame Tongue      ||    36
 Stab: Sleeping          ||     1
Armor: Robe              ||     9
Dodge: Dodged            ||    33
